 Dungeon Crawl Stone Soup version 0.21-a0-552-g593960d (webtiles) character file.

202 Bluekicks the Conjurer (level 5, -6/28 HPs)
             Began as a Deep Elf Conjurer on Dec 16, 2017.
             Killed by divine providence
             ... invoked by an orc priest
              (10 damage)
             ... on level 3 of the Dungeon on Dec 17, 2017.
             The game lasted 00:39:04 (2615 turns).

Bluekicks the Conjurer (Deep Elf Conjurer)          Turns: 2615, Time: 00:39:04

Health: -6/28      AC:  2    Str:  5    XL:     5   Next: 50%
Magic:  3/14       EV: 14    Int: 21    God:
Gold:   86         SH:  0    Dex: 15    Spells: 3/13 levels left

rFire    . . .     SeeInvis .   r - +3 dagger
rCold    . . .     Gourm    .   (no shield)
rNeg     . . .     Faith    .   h - +0 robe
rPois    .         Spirit   .   (no helmet)
rElec    .         Reflect  .   (no cloak)
rCorr    .         Harm     .   (no gloves)
MR       .....                  (no boots)
Stlth    +++.......             (no amulet)
HPRegen  0.09/turn              p - ring of wizardry
MPRegen  0.14/turn              (no ring)

@: flying
A: no striking features
a: no special abilities


You were on level 3 of the Dungeon.
You were hungry.

You visited 1 branch of the dungeon, and saw 3 of its levels.

You collected 86 gold pieces.

Inventory:

Hand Weapons
 d - a +0 long sword
 i - a +0 hunting sling
 j - a +0 spear
 m - a cursed +0 short sword
 r - a +3 dagger (weapon)
Missiles
 e - 3 javelins (quivered)
 l - 26 arrows
 s - 9 poisoned needles
Armour
 a - a +0 robe
 h - a +0 robe (worn)
Jewellery
 p - a ring of wizardry (left hand)
Scrolls
 f - 3 scrolls of remove curse
Potions
 g - 2 potions of degeneration
Books
 b - a book of Conjurations

   Spells                             Type                      Level
   a - Magic Dart                     Conjuration                  1
   b - Searing Ray                    Conjuration                  2
   c - Dazzling Spray                 Conjuration/Hexes            3
   d - Fulminant Prism                Conjuration/Hexes            4
   e - Force Lance                    Conjuration/Translocation    4
   f - Iskenderun's Mystic Blast      Conjuration                  4
Comestibles
 c - 2 bread rations


   Skills:
 + Level 4.0 Dodging
 + Level 4.3 Stealth
 + Level 4.7 Spellcasting
 + Level 5.2 Conjurations


You had 3 spell levels left.
You knew the following spells:

 Your Spells              Type           Power        Failure   Level  Hunger
a - Magic Dart            Conj           ####         1%          1    None
b - Searing Ray           Conj           ####..       1%          2    #......
c - Iskenderun's Mystic   Conj           ####....     5%          4    ####...
d - Dazzling Spray        Conj/Hex       ###...       4%          3    ##.....


Dungeon Overview and Level Annotations

Branches:
Dungeon (3/15)

Altars:
Ru


Message History

* * * LOW HITPOINT WARNING * * *
Unknown command.
Casting: Magic Dart
Confirm with . or Enter, or press ? or * to list all spells.
Aiming: Dazzling Spray
Press: ? - help, Shift-Dir - straight line, f/p - orc priest
Aim: an orc priest, wielding a trident and wearing a scale mail (moderately wounded)
The spray of energy hits the adder.
The adder is severely wounded.
The adder is dazzled.
The adder closely misses you.
The orc priest hits you from afar with a trident.
* * * LOW HITPOINT WARNING * * *
The adder misses you.
The orc priest casts a cantrip, but nothing happens.
The orc priest casts a cantrip, but nothing happens.
The orc priest casts a cantrip, but nothing happens.
The orc priest casts a cantrip, but nothing happens.
The orc priest calls down the wrath of Beogh upon you.
Beogh smites you!
You die...

#.# #.####.........#
#.####.##############
#.#...........# #......[......#
#########
.................####........
##########.##'###..............
...>. .........................
#..########.###.####.........
#......<.))..@....oo.........
##.#.##.#.#.###....#o........
#.#..#.#.# ####.#.#.######.
#.#.##.#.# #.#.#.# .....
#.#....#.# #.#o#.# .....
#.######.# #.#.#.# ..... #....#
... #.#o#.# ....) ####.# ..
#.#.#.# ..... # #.#.#.##.....


You could see 2 orc priests and an orc.

Vanquished Creatures
  An orc wizard (D:3)
  9 adders (D:2)
  2 oozes
  3 worms (D:2)
  3 dart slugs
  3 leopard geckos
  4 orcs (D:3)
  2 giant cockroaches (D:2)
  2 goblins
  5 hobgoblins
  11 jackals (D:1)
  12 bats
  5 frilled lizards
  5 kobolds
  3 rats (D:2)
70 creatures vanquished.

Notes
Turn   | Place    | Note
-------+----------+-------------------------------------------
     0 | D:1      | Bluekicks the Deep Elf Conjurer began the quest for the Orb.
     0 | D:1      | Reached XP level 1. HP: 10/10 MP: 6/6
   385 | D:1      | Reached XP level 2. HP: 15/15 MP: 5/8
   505 | D:1      | Learned a level 2 spell: Searing Ray
   840 | D:1      | Reached XP level 3. HP: 19/19 MP: 8/10
   844 | D:1      | Upgraded the game from 0.21-a0-538-gd16b88a to 0.21-a0-552-g593960d
  1522 | D:2      | Reached XP level 4. HP: 24/24 MP: 1/12
  1528 | D:2      | Learned a level 4 spell: Iskenderun's Mystic Blast
  1532 | D:2      | Learned a level 3 spell: Dazzling Spray
  1725 | D:2      | Reached skill level 5 in Conjurations
  1979 | D:2      | Found a sacrificial altar of Ru.
  2009 | D:2      | Found a faded altar of an unknown god.
  2100 | D:2      | Reached XP level 5. HP: 28/28 MP: 9/13
  2615 | D:3      | Killed from afar by an orc priest

Vault maps used:
D:1:      dpeg_arrival_rooms_c
D:2:      kennysheep_big_flooded_room, nicolae_ru_path_of_blood,
          chequers_ecumenical_altar_island, kennysheep_generic_room_11
D:3:      fedhas_altar_2, old_standard_altar, first_bread,
          minmay_gold_behind_fungi, serial_park_tiny_pond

Skill      XL: |  1  2  3  4  5 |
---------------+----------------+-----
Stealth        | 3 4 |  4.3
Dodging        | 3 4 |  4.0
Spellcasting   | 4 |  4.7
Conjurations   | 5 |  5.2

Action                   |  1- 3 |  4- 6 || total
-------------------------+-------+-------++-------
Melee: Dagger            |       |    10 ||    10
Throw: Javelin           |     2 |       ||     2
 Cast: Magic Dart        |    85 |    32 ||   117
       Searing Ray       |     3 |    12 ||    15
       Iskenderun's Myst |       |     4 ||     4
       Dazzling Spray    |       |     1 ||     1
  Use: Scroll            |     2 |     2 ||     4
       Potion            |     2 |     2 ||     4
  Eat: Chunk             |     1 |     2 ||     3
       Royal jelly       |     1 |       ||     1
Armor: Robe              |     5 |     3 ||     8
Dodge: Dodged            |    23 |    12 ||    35
       Rpst.: Long sword |     1 |       ||     1

Table legend:
 A = Spawn XP
 B = Non-spawn XP
 C = Spawn XP percentage of total XP
 D = Spawn monster count
 E = Non-spawn monster count
 F = Spawn count percentage of total count
 G = Total turns spent on level
                    A         B        C        D         E        F      G
               +---------+---------+-------+---------+---------+-------+---------
         Total |       0 |     289 |   0.0 |       0 |      70 |   0.0 |  2615
               +---------+---------+-------+---------+---------+-------+---------
           D:1 |       0 |      58 |   0.0 |       0 |      30 |   0.0 |  1239
           D:2 |       0 |     171 |   0.0 |       0 |      31 |   0.0 |  1172
           D:3 |       0 |      60 |   0.0 |       0 |       9 |   0.0 |   204
               +---------+---------+-------+---------+---------+-------+---------
